 Dungeon Crawl Stone Soup version 0.28.0 (webtiles) character file.

Game seed: 32798365193402679

25 HallandMoats the Skirmisher (level 3, 0/31 HPs)
             Began as a Ghoul Fighter on Feb 8, 2022.
             Was a Follower of Sif Muna.
             Slain by a kobold (2 damage)
             ... on level 1 of the Dungeon.
             The game lasted 00:00:52 (698 turns).

HallandMoats the Skirmisher (Ghoul Fighter)          Turns: 698, Time: 00:00:52

Health: 0/31       AC:  7    Str: 19    XL:     3   Next: 4%
Magic:  2/2        EV:  9    Int:  5    God:    Sif Muna [*.....]
Gold:   42         SH:  4    Dex:  8    Spells: 2/2 levels left

rFire   . . .      SeeInvis .   a - +0 trident
rCold   + . .      Faith    .   c - +0 buckler
rNeg    + + +      Spirit   .   b - +0 scale mail
rPois   ∞          Reflect  .   (no helmet)
rElec   .          Harm     .   (no cloak)
rCorr   .          Rampage  .   f - +0 pair of gloves
Will    .....                   (no boots)
Stlth   ..........              (no amulet)
HPRegen 0.00/turn               (no ring)
MPRegen 0.08/turn               (no ring)

@: inhibited regen
A: claws 1, cold resistance 1, negative energy resistance 3, inhibited
regeneration, torment resistance 2
a: Renounce Religion, Channel Magic


You were on level 1 of the Dungeon.
You worshipped Sif Muna.
Sif Muna was aware of your devotion.
You visited 1 branch of the dungeon, and saw 1 of its levels.

You collected 42 gold pieces.

Inventory:

Hand Weapons
 a - a +0 trident (weapon)
Armour
 b - a +0 scale mail (worn)
 c - a +0 buckler (worn)
 f - a +0 pair of gloves (worn)
Scrolls
 e - a scroll of silence {unknown}
 g - a scroll of identify {unknown}
Potions
 d - a potion of might
 h - a potion of resistance {unknown}


   Skills:
 * Level 3.6 Fighting
 * Level 2.1 Polearms
 + Level 2.8 Armour
 + Level 0.4 Dodging
 + Level 2.8 Shields
 * Level 1.1 Invocations


You had 2 spell levels left.
You didn't know any spells.
Your spell library was empty.

Dungeon Overview and Level Annotations

Branches:
Dungeon (1/15)

Altars:
Sif Muna


Innate Abilities, Weirdness & Mutations

You thrive by killing the living.
You are immune to poison.
You have sharp fingernails.
Your flesh is cold resistant. (rC+)
You are immune to negative energy. (rN+++)
You do not regenerate when monsters are visible.
You are immune to unholy pain and torment.


Message History

You block the kobold's attack. The kobold completely misses you.
The kobold hits you but does no damage. The kobold hits you but does no damage.
The kobold hits you but does no damage. The kobold closely misses you.
The kobold hits you but does no damage. The kobold hits you but does no damage.
The kobold hits you but does no damage. The kobold barely misses you.
The kobold closely misses you. The kobold barely misses you.
The kobold hits you with a +0 dagger. The kobold barely misses you.
The kobold barely misses you. The kobold hits you but does no damage.
The kobold hits you but does no damage. The kobold barely misses you.
The kobold hits you with a +0 dagger.
* * * LOW HITPOINT WARNING * * *
You block the kobold's attack. The kobold barely misses you.
The kobold hits you but does no damage. You block the kobold's attack.
The kobold hits you but does no damage. The kobold hits you but does no damage.
The kobold hits you with a +0 dagger.
* * * LOW HITPOINT WARNING * * *
The kobold hits you but does no damage. The kobold hits you but does no damage.
You block the kobold's attack. The kobold hits you with a +0 dagger.
* * * LOW HITPOINT WARNING * * *
The kobold barely misses you. You block the kobold's attack.
The kobold closely misses you. The kobold barely misses you.
You block the kobold's attack. The kobold hits you with a +0 dagger.
You die...

#..............### #≈
#..).............# #≈
#..#############.# #.
#...#.P.#.#.P.#..## #
####...#.#.#.#.#.#...# #
.......P....P.P......# ##
#####..#.#.#.#.#.#...##### #.
##.....#.P.#_#...#.......# #.
##.##..#.#.#P#.#@#...###.#######.
#......P ......KP...#.>.......#..
#..##..#.#.#.#.#.#....##.####.#..
#..##..#...#.#.P.#..####.# #....
#..##.#############..[..#..##....
............(.......##.###.##....
............# #.# #..## ##^#....
#..†........# #.# #.#>###.##....
##.##...######.#.# #.##.#..##..(.


You could see a kobold.

Vanquished Creatures
  3 dart slugs (D:1)
  3 endoplasms (D:1)
  2 giant cockroaches (D:1)
  A quokka (D:1)
  A ball python (D:1)
  A bat (D:1)
  4 goblins (D:1)
  A kobold (D:1)
  2 rats (D:1)
18 creatures vanquished.

Vanquished Creatures (others)
  2 fungi (D:1)
2 creatures vanquished.

Grand Total: 20 creatures vanquished

Notes
Turn   | Place    | Note
-------+----------+-------------------------------------------
     0 | D:1      | HallandMoats the Ghoul Fighter began the quest for the Orb.
     0 | D:1      | Reached XP level 1. HP: 19/19 MP: 0/0
   179 | D:1      | Reached XP level 2. HP: 26/26 MP: 1/1
   522 | D:1      | Reached skill level 1 in Invocations
   557 | D:1      | Reached XP level 3. HP: 28/31 MP: 2/2
   601 | D:1      | Found a faded altar of an unknown god.
   614 | D:1      | Prayed at the altar of an unknown god.
   614 | D:1      | Became a worshipper of Sif Muna the Loreminder
   614 | D:1      | Reached * piety under Sif Muna
   698 | D:1      | Slain by a kobold

Illustrated notes

Levels and vault maps discovered:
D:1:      nicolae_arrival_washed_ashore, layout_loops_ring,
          shapermc_ecumenical_altar_mp_urbaneastern,
          chequers_serial_rivers_micro_c

Skill      XL: |  1  2 |
---------------+-------+-----
Polearms       | 2 |  2.1
Invocations    | 1 |  1.1
Fighting       | |  3.6
Armour         | |  2.8
Dodging        | |  0.4
Shields        | |  2.8

Action                   || total
-------------------------++-------
Melee: Trident           ||    66
Armor: Scale mail        ||    38
Dodge: Dodged            ||    48
Block: Buckler           ||    14
